SAAA
ATHLETIC CLUB KC RESERVES @ VERMONT LAKE MONSTERS
08/17/2032
 
TOP OF THE 1ST
Athletic Club KC Reserves batting - Pitching for Vermont Lake Monsters : RHP Naozane Kobayashi
Pitching: RHP Naozane Kobayashi
Batting: RHB Arturo Annunziato 0-0: Called Strike
0-1: Foul Ball, location: 2F
0-2: Strikes out swinging
Batting: LHB Tony García 0-0: Foul Ball, location: 2F
0-1: Ball
1-1: Ball
2-1: Foul Ball, location: 2F
2-2: Ground out U3 (Groundball, 34)
Batting: SHB Akihiko Fujii 0-0: Ball
1-0: Ball
2-0: Ball
3-0: Called Strike
3-1: Called Strike
3-2: Foul Ball, location: 2F
3-2: Foul Ball, location: 2F
3-2: Base on Balls
Batting: LHB Ramón Morterero 0-0: Called Strike
0-1: SINGLE (Groundball, 4MD)
Akihiko Fujii to second
Batting: RHB Roger Caffyn 0-0: Called Strike
0-1: Swinging Strike
0-2: Ball
1-2: Strikes out looking
Top of the 1st over - 0 runs, 1 hit, 0 errors, 2 left on base; Athletic Club KC 0 - Vermont 0
BOTTOM OF THE 1ST
Vermont Lake Monsters batting - Pitching for Athletic Club KC Reserves : RHP Ismael Calderón
Pitching: RHP Ismael Calderón
Batting: SHB Robert La Caze 0-0: Ball
1-0: Swinging Strike
1-1: Called Strike
1-2: Ball
2-2: Foul Ball, location: 2F
2-2: Strikes out looking
Batting: RHB Ramón Degollado 0-0: Ball
1-0: Foul Ball, location: 2F
1-1: DOUBLE (Line Drive, 7LM)
Batting: LHB Manuel Núñez 0-0: Called Strike
0-1: Ball
1-1: Called Strike
1-2: Foul Ball, location: 2F
1-2: Ball
2-2: Strikes out swinging
Batting: RHB Kasper Schuilenberg 0-0: Called Strike
0-1: Ball
1-1: Ball
2-1: Fly out, F8 (Flyball, 8RS)
Bottom of the 1st over - 0 runs, 1 hit, 0 errors, 1 left on base; Athletic Club KC 0 - Vermont 0
TOP OF THE 2ND
Athletic Club KC Reserves batting - Pitching for Vermont Lake Monsters : RHP Naozane Kobayashi
Batting: LHB Michael Woodard 0-0: Called Strike
0-1: Ball
1-1: Ball
2-1: Ball
3-1: Foul Ball, location: 2F
3-2: Base on Balls
Batting: LHB Kwang-chih Feng 0-0: Called Strike
0-1: Ball
1-1: Ball
2-1: Swinging Strike
2-2: Ball
3-2: Foul Ball, location: 2F
3-2: SINGLE (Groundball, 56D)
Michael Woodard to second
Batting: RHB Cristóbal Covarrubiois 0-0: Called Strike
0-1: Called Strike
0-2: Foul Ball, location: 2F
0-2: Ball
1-2: Ball
2-2: Foul Ball, location: 2F
2-2: Foul Ball, location: 2F
2-2: Hit by Pitch
Michael Woodard to third
Kwang-chih Feng to second
Batting: RHB Tasuku Goto 0-0: Called Strike
0-1: Ball
1-1: Foul Ball, location: 2F
1-2: Ball
2-2: Foul Ball, location: 2F
2-2: Strikes out swinging
Batting: RHB Arturo Annunziato 0-0: Called Strike
0-1: Hit by Pitch
Michael Woodard scores
Kwang-chih Feng to third
Cristóbal Covarrubiois to second
Batting: LHB Tony García 0-0: Ball
1-0: Foul Ball, location: 2F
1-1: Ball
2-1: Foul Ball, location: 2F
2-2: Grounds into double play, 4-6-3 (Groundball, 34)
Top of the 2nd over - 1 run, 1 hit, 0 errors, 2 left on base; Athletic Club KC 1 - Vermont 0
BOTTOM OF THE 2ND
Vermont Lake Monsters batting - Pitching for Athletic Club KC Reserves : RHP Ismael Calderón
Batting: LHB Carlos Germán 0-0: Called Strike
0-1: Ball
1-1: Ball
2-1: Fly out, F4 (Line Drive, 4)
Batting: RHB José Vázquez 0-0: Ball
1-0: Ball
2-0: Ball
3-0: Base on Balls
Batting: RHB Showander Descarte 0-0: Called Strike
0-1: Foul Ball, location: 2F
0-2: Foul Ball, location: 2F
0-2: Ball
1-2: SINGLE (Groundball, 56D)
José Vázquez to second
Batting: LHB Gilberto Jiménez 0-0: Ball
1-0: Ball
2-0: Ball
3-0: Base on Balls
José Vázquez to third
Showander Descarte to second
Batting: RHB Cosmo Castanhedo 0-0: Called Strike
0-1: Called Strike
0-2: Ball
1-2: Ball
2-2: Strikes out swinging
Batting: SHB Robert La Caze 0-0: Ball
1-0: Foul Ball, location: 2F
1-1: Ball
2-1: Ball
3-1: Called Strike
3-2: Fly out, F3 (Line Drive, 3)
Bottom of the 2nd over - 0 runs, 1 hit, 0 errors, 3 left on base; Athletic Club KC 1 - Vermont 0
TOP OF THE 3RD
Athletic Club KC Reserves batting - Pitching for Vermont Lake Monsters : RHP Naozane Kobayashi
Batting: SHB Akihiko Fujii 0-0: Ball
1-0: Foul Ball, location: 2F
1-1: Ball
2-1: Fly out, F6 (Line Drive, 56D)
Batting: LHB Ramón Morterero 0-0: Foul Ball, location: 2F
0-1: Ball
1-1: Foul Ball, location: 2F
1-2: Ground out 5-3 (Groundball, 6)
Batting: RHB Roger Caffyn 0-0: Called Strike
0-1: Ball
1-1: Ball
2-1: Foul Ball, location: 2F
2-2: DOUBLE (Line Drive, 7LD)
Batting: LHB Michael Woodard 0-0: Called Strike
0-1: Ball
1-1: Foul Ball, location: 2F
1-2: Ball
2-2: Ball
3-2: SINGLE (Groundball, 4MD)
Roger Caffyn to third
Roger Caffyn scores
Batting: LHB Kwang-chih Feng 0-0: Ball
1-0: Called Strike
1-1: Ball
2-1: 2-RUN HOME RUN (Line Drive, 9D), Distance : 385 ft
Batting: RHB Cristóbal Covarrubiois 0-0: Ball
1-0: Ball
2-0: Ball
3-0: Called Strike
3-1: Foul Ball, location: 2F
3-2: Strikes out swinging
Top of the 3rd over - 3 runs, 3 hits, 0 errors, 0 left on base; Athletic Club KC 4 - Vermont 0
BOTTOM OF THE 3RD
Vermont Lake Monsters batting - Pitching for Athletic Club KC Reserves : RHP Ismael Calderón
Batting: RHB Ramón Degollado 0-0: SINGLE (Groundball, 6S) (infield hit)
Batting: LHB Manuel Núñez 0-0: Called Strike
0-1: Fly out, F4 (Flyball, 3D)
Batting: RHB Kasper Schuilenberg 0-0: Called Strike
0-1: Ball
1-1: Ball
2-1: Foul Ball, location: 2F
2-2: Ball
3-2: SINGLE (Line Drive, 3)
Ramón Degollado to second
Ramón Degollado to third
Batting: LHB Carlos Germán 0-0: Fly out, F8 (Line Drive, 8LM)
Runner from 3rd tags up, OUT at HOME
Bottom of the 3rd over - 0 runs, 2 hits, 0 errors, 1 left on base; Athletic Club KC 4 - Vermont 0
TOP OF THE 4TH
Athletic Club KC Reserves batting - Pitching for Vermont Lake Monsters : RHP Naozane Kobayashi
Batting: RHB Tasuku Goto 0-0: Called Strike
0-1: Foul Ball, location: 2F
0-2: Strikes out looking
Batting: RHB Arturo Annunziato 0-0: Ball
1-0: Foul Ball, location: 2F
1-1: Fly out, F9 (Line Drive, 9)
Batting: LHB Tony García 0-0: Called Strike
0-1: Ground out 4-3 (Groundball, 34)
Top of the 4th over - 0 runs, 0 hits, 0 errors, 0 left on base; Athletic Club KC 4 - Vermont 0
BOTTOM OF THE 4TH
Vermont Lake Monsters batting - Pitching for Athletic Club KC Reserves : RHP Ismael Calderón
Batting: RHB José Vázquez 0-0: Swinging Strike
0-1: Ball
1-1: Ball
2-1: Ball
3-1: DOUBLE (Popup, 6MD)
Batting: RHB Showander Descarte 0-0: Foul Ball, location: 2F
0-1: Ball
1-1: Ball
2-1: Foul Ball, location: 2F
2-2: Fly out, F8 (Flyball, 8LD)
Batting: LHB Gilberto Jiménez 0-0: Ball
1-0: Ball
2-0: Ball
3-0: Called Strike
3-1: Base on Balls
Batting: RHB Cosmo Castanhedo 0-0: Ball
1-0: Ball
2-0: Called Strike
2-1: Ball
3-1: Base on Balls
José Vázquez to third
Gilberto Jiménez to second
Batting: SHB Robert La Caze 0-0: Ball
1-0: Foul Ball, location: 2F
1-1: Grounds out, U3 (Groundball, 3L)
José Vázquez scores
Gilberto Jiménez to third
Batting: RHB Ramón Degollado 0-0: Ball
1-0: Ground out 6-3 (Groundball, 6)
Bottom of the 4th over - 1 run, 1 hit, 0 errors, 2 left on base; Athletic Club KC 4 - Vermont 1
TOP OF THE 5TH
Athletic Club KC Reserves batting - Pitching for Vermont Lake Monsters : RHP Naozane Kobayashi
Batting: SHB Akihiko Fujii 0-0: Called Strike
0-1: Swinging Strike
0-2: Ball
1-2: Ball
2-2: Ball
3-2: Fly out, F7 (Flyball, 78S)
Batting: LHB Ramón Morterero 0-0: Ball
1-0: Foul Ball, location: 2F
1-1: Ball
2-1: Ground out 5-3 (Groundball, 56)
Batting: RHB Roger Caffyn 0-0: Ball
1-0: Called Strike
1-1: Reached on error, E1 (Groundball, 13)
Batting: LHB Michael Woodard 0-0: Foul Ball, location: 2F
0-1: Swinging Strike
0-2: Ball
1-2: Strikes out swinging
Top of the 5th over - 0 runs, 0 hits, 1 error, 1 left on base; Athletic Club KC 4 - Vermont 1
BOTTOM OF THE 5TH
Vermont Lake Monsters batting - Pitching for Athletic Club KC Reserves : RHP Ismael Calderón
Batting: LHB Manuel Núñez 0-0: Called Strike
0-1: Foul Ball, location: 2F
0-2: SOLO HOME RUN (Flyball, 9D), Distance : 390 ft
Batting: RHB Kasper Schuilenberg 0-0: Swinging Strike
0-1: Ground out 5-3 (Groundball, 56S)
Batting: LHB Carlos Germán 0-0: Fly out, F8 (Flyball, 8LM)
Batting: RHB José Vázquez 0-0: Ball
1-0: Fly out, F3 (Popup, 3SF)
Bottom of the 5th over - 1 run, 1 hit, 0 errors, 0 left on base; Athletic Club KC 4 - Vermont 2
TOP OF THE 6TH
Athletic Club KC Reserves batting - Pitching for Vermont Lake Monsters : RHP Naozane Kobayashi
Batting: LHB Kwang-chih Feng 0-0: Ball
1-0: Ball
2-0: Called Strike
2-1: Foul Ball, location: 2F
2-2: Ball
3-2: DOUBLE (Flyball, 78D)
Pitching: LHP Santiago Pérez
Batting: RHB Cristóbal Covarrubiois 0-0: Called Strike
0-1: Ground out 4-3 (Groundball, 4)
Kwang-chih Feng to third
Batting: RHB Tasuku Goto 0-0: Ball
1-0: Ball
2-0: Called Strike
2-1: Ball
3-1: Swinging Strike
3-2: Foul Ball, location: 2F
3-2: Fly out, F4 (Popup, 4)
Batting: RHB Arturo Annunziato 0-0: Ball
1-0: Called Strike
1-1: Ball
2-1: Ground out 4-3 (Groundball, 4)
Top of the 6th over - 0 runs, 1 hit, 0 errors, 1 left on base; Athletic Club KC 4 - Vermont 2
BOTTOM OF THE 6TH
Vermont Lake Monsters batting - Pitching for Athletic Club KC Reserves : RHP Ismael Calderón
Pitching: RHP Alfonso Álvarez
Batting: RHB Showander Descarte 0-0: Called Strike
0-1: Ball
1-1: Ball
2-1: Called Strike
2-2: Ball
3-2: Foul Ball, location: 2F
3-2: Ground out 6-3 (Groundball, 6)
Batting: LHB Gilberto Jiménez 0-0: Ground out 6-3 (Groundball, 6)
Batting: RHB Cosmo Castanhedo 0-0: Foul Ball, location: 2F
0-1: Called Strike
0-2: Ground out 4-3 (Groundball, 4)
Bottom of the 6th over - 0 runs, 0 hits, 0 errors, 0 left on base; Athletic Club KC 4 - Vermont 2
TOP OF THE 7TH
Athletic Club KC Reserves batting - Pitching for Vermont Lake Monsters : LHP Santiago Pérez
Batting: LHB Tony García 0-0: Ball
1-0: Foul Ball, location: 2F
1-1: Ball
2-1: DOUBLE (Line Drive, 9LM)
Batting: SHB Akihiko Fujii 0-0: Called Strike
0-1: Ground out U3 (Groundball, 3)
Tony García to third
Batting: LHB Ramón Morterero 0-0: Fly out, F8 (Flyball, 89M)
Batting: RHB Roger Caffyn 0-0: Called Strike
0-1: Swinging Strike
0-2: Ball
1-2: Ball
2-2: Strikes out swinging
Top of the 7th over - 0 runs, 1 hit, 0 errors, 1 left on base; Athletic Club KC 4 - Vermont 2
BOTTOM OF THE 7TH
Vermont Lake Monsters batting - Pitching for Athletic Club KC Reserves : RHP Alfonso Álvarez
Batting: SHB Robert La Caze 0-0: Foul Ball, location: 2F
0-1: Ball
1-1: Reached on error, E3 (Popup, 3S)
Batting: RHB Ramón Degollado 0-0: Ball
1-0: Ball
2-0: Ball
3-0: Called Strike
3-1: Swinging Strike
3-2: Base on Balls
Robert La Caze to second
Batting: LHB Manuel Núñez 0-0: Ball
1-0: Fly out, F8 (Flyball, 8RS)
Batting: RHB Kasper Schuilenberg 0-0: Swinging Strike
0-1: Ball
1-1: Ball
2-1: Ball
3-1: Fly out, F8 (Flyball, 8RXD)
Runner from 2nd tags up, SAFE at 3rd, no throw
Batting: LHB Carlos Germán 0-0: Ball
1-0: Fly out, F8 (Flyball, 8LXD)
Bottom of the 7th over - 0 runs, 0 hits, 1 error, 2 left on base; Athletic Club KC 4 - Vermont 2
TOP OF THE 8TH
Athletic Club KC Reserves batting - Pitching for Vermont Lake Monsters : LHP Santiago Pérez
Batting: LHB Michael Woodard 0-0: Called Strike
0-1: Foul Ball, location: 2F
0-2: Foul Ball, location: 2F
0-2: Ball
1-2: Foul Ball, location: 2F
1-2: Strikes out swinging
Batting: LHB Kwang-chih Feng 0-0: Ball
1-0: Called Strike
1-1: Swinging Strike
1-2: Strikes out swinging
Batting: RHB Cristóbal Covarrubiois 0-0: Swinging Strike
0-1: Ball
1-1: Swinging Strike
1-2: Ball
2-2: Strikes out swinging
Top of the 8th over - 0 runs, 0 hits, 0 errors, 0 left on base; Athletic Club KC 4 - Vermont 2
BOTTOM OF THE 8TH
Vermont Lake Monsters batting - Pitching for Athletic Club KC Reserves : RHP Alfonso Álvarez
Batting: RHB José Vázquez 0-0: Swinging Strike
0-1: Called Strike
0-2: Ball
1-2: Strikes out looking
Batting: RHB Showander Descarte 0-0: Called Strike
0-1: Foul Ball, location: 2F
0-2: SINGLE (Line Drive, 6D)
Batting: LHB Gilberto Jiménez 0-0: Ground out 3-1 (Groundball, 3D)
Showander Descarte to second
Batting: RHB Cosmo Castanhedo 0-0: Foul Ball, location: 2F
0-1: Ground out 4-3 (Groundball, 4M)
Bottom of the 8th over - 0 runs, 1 hit, 0 errors, 1 left on base; Athletic Club KC 4 - Vermont 2
TOP OF THE 9TH
Athletic Club KC Reserves batting - Pitching for Vermont Lake Monsters : LHP Santiago Pérez
Batting: RHB Tasuku Goto 0-0: Ball
1-0: Foul Ball, location: 2F
1-1: SOLO HOME RUN (Flyball, 7LD), Distance : 349 ft
Batting: RHB Arturo Annunziato 0-0: SINGLE (Groundball, 34D)
Batting: LHB Tony García 0-0: Ball
1-0: Called Strike
1-1: Ball
2-1: Bunted foul
2-2: SINGLE (Groundball, 34D)
Arturo Annunziato to second
Runner from 2nd tries for 3rd, SAFE, no throw
Batting: SHB Akihiko Fujii 0-0: Ball
1-0: Swinging Strike
1-1: SINGLE (Groundball, 4MD)
Arturo Annunziato scores
Tony García to second
Pitching: LHP Mike Brandner
Batting: LHB Ramón Morterero 0-0: Ball
1-0: Ball
2-0: Ball
3-0: Base on Balls
Tony García to third
Akihiko Fujii to second
Batting: RHB Roger Caffyn 0-0: Ball
1-0: Ball
2-0: Ball
3-0: Called Strike
3-1: Base on Balls
Tony García scores
Akihiko Fujii to third
Ramón Morterero to second
Batting: LHB Michael Woodard 0-0: Ball
1-0: Called Strike
1-1: Swinging Strike
1-2: Strikes out swinging
Batting: LHB Kwang-chih Feng 0-0: Foul Ball, location: 2F
0-1: Ball
1-1: Foul Ball, location: 2F
1-2: Strikes out swinging
Batting: RHB Cristóbal Covarrubiois 0-0: SINGLE (Line Drive, 6M)
Akihiko Fujii scores
Ramón Morterero to third
Roger Caffyn to second
Runner from 3rd tries for Home, SAFE, no throw
Batting: RHB Tasuku Goto 0-0: Ball
1-0: Called Strike
1-1: Swinging Strike
1-2: Foul Ball, location: 2F
1-2: Ball
2-2: SINGLE (Groundball, 6MD)
Roger Caffyn to third
Cristóbal Covarrubiois to second
Runner from 3rd tries for Home, SAFE, no throw
Batting: RHB Arturo Annunziato 0-0: Ground out 4-3 (Groundball, 4)
Top of the 9th over - 6 runs, 6 hits, 0 errors, 2 left on base; Athletic Club KC 10 - Vermont 2
BOTTOM OF THE 9TH
Vermont Lake Monsters batting - Pitching for Athletic Club KC Reserves : RHP Alfonso Álvarez
Now at C: Sang-your Yu
Now at 1B: Tony Osorio
Batting: SHB Robert La Caze 0-0: Ball
1-0: Ball
2-0: Ball
3-0: Called Strike
3-1: Called Strike
3-2: Strikes out swinging
Batting: RHB Ramón Degollado 0-0: Ball
1-0: Foul Ball, location: 2F
1-1: Ball
2-1: Ball
3-1: Foul Ball, location: 2F
3-2: SINGLE (Line Drive, 4D)
Batting: LHB Manuel Núñez 0-0: Foul Ball, location: 2F
0-1: Ball
1-1: Swinging Strike
1-2: Foul Ball, location: 2F
1-2: Grounds into double play, 4-6-3 (Groundball, 4)
Bottom of the 9th over - 0 runs, 1 hit, 0 errors, 0 left on base; Athletic Club KC 10 - Vermont 2
Wednesday, September 19th, 2018 - OOTP Baseball 18.8 Build 76